 Dungeon Crawl Stone Soup version 0.25-a0-589-g1e14c549ee (webtiles) character file.

Game seed: 4159550266487742209, levelgen mode: deterministic

64259 Gargoyl the Protected (level 14, -6/119 HPs)
             Began as a Centaur Abyssal Knight on Mar 12, 2020.
             Was the Champion of Lugonu.
             Mangled by a vampire knight
             ... wielding a +0 dire flail
              (30 damage)
             ... on level 13 of the Dungeon.
             The game lasted 00:36:05 (34026 turns).

Gargoyl the Protected (Centaur Abyssal Knight)     Turns: 34026, Time: 00:36:05

Health: -6/119     AC: 16    Str: 18    XL:     14   Next: 71%
Magic:  22/22      EV:  5    Int: 11    God:    Lugonu [******]
Gold:   1460       SH:  9    Dex: 11    Spells: 13/13 levels left

rFire    . . .     SeeInvis .   D - +5 falchion (elec)
rCold    . . .     Gourm    .   B - +0 kite shield
rNeg     + . .     Faith    .   t - +0 plate armour
rPois    +         Spirit   .   q - +2 helmet
rElec    .         Reflect  .   H - scarf {repulsion}
rCorr    +         Harm     .   (no gloves)
MR       +....                  (no barding)
Stlth    ..........             (no amulet)
HPRegen  0.29/turn              v - ring of positive energy
MPRegen  0.18/turn              G - ring of Atiaplar {rPois rCorr Slay+5}

@: repel missiles, very quick
A: large, hooves 3, deformed body, speed 2, tough skin 3
a: Depart the Abyss, Bend Space, Banish, Corrupt, Enter the Abyss, Brand Weapon
With Distortion, Renounce Religion


You were on level 13 of the Dungeon.
You worshipped Lugonu.
Lugonu was exalted by your worship.
You were very hungry.

You visited 2 branches of the dungeon, and saw 19 of its levels.
You visited the Abyss 1 time.

You collected 1655 gold pieces.
You spent 195 gold pieces at shops.

Inventory:

Hand Weapons
 a - a +2 hand axe
 u - a +5 scimitar of freezing
 D - a +5 falchion of electrocution (weapon)
Missiles
 A - 2 silver javelins (quivered)
Armour
 q - a +2 helmet (worn)
 t - a +0 plate armour (worn)
 B - a +0 kite shield (worn)
 H - a scarf of repulsion (worn)
Jewellery
 m - an uncursed ring of protection from cold
 v - a ring of positive energy (left hand)
 G - the ring of Atiaplar (right hand) {rPois rCorr Slay+5}
   (You found it on level 2 of the Lair of Beasts)

   [ring of resist corrosion]

   It affects your accuracy and damage with ranged weapons and melee attacks
   (+5).
   It protects you from poison.
   It provides partial protection from all sources of acid and corrosion.
Wands
 f - a wand of flame (85)
 g - a wand of enslavement (13)
 l - a wand of paralysis (18)
 p - a wand of iceblast (3)
 x - a wand of acid (11)
 J - a wand of disintegration (21)
 K - a wand of clouds (8)
Scrolls
 e - 4 scrolls of identify
 j - 14 scrolls of remove curse
 y - 3 scrolls of fog
Potions
 b - 4 potions of haste
 d - a potion of ambrosia
 h - 5 potions of brilliance
 i - 2 potions of invisibility
 k - 6 potions of curing
 o - 4 potions of stabbing
 r - a potion of mutation
 s - 3 potions of might
 C - 4 potions of flight
 F - a potion of berserk rage
Comestibles
 c - 35 rations


   Skills:
 + Level 9.6 Fighting
 + Level 10.3 Long Blades
 + Level 6.0 Axes
 + Level 0.3 Throwing
 * Level 11.5 Armour
 * Level 7.8 Dodging
 + Level 4.1 Shields
 * Level 11.3 Invocations
 + Level 1.2 Evocations


You had 13 spell levels left.
You didn't know any spells.
Your spell library contained the following spells:

 Spells                   Type           Power        Failure   Level  Hunger
 Animate Skeleton         Necr           N/A          100%        1    ##.....
 Apportation              Tloc           #.....       100%        1    ##.....
 Beastly Appendage        Tmut           #.....       100%        1    ##.....
 Corona                   Hex            #......      100%        1    ##.....
 Foxfire                  Conj/Fire      #...         100%        1    ##.....
 Sandblast                Erth           #.....       100%        1    ##.....
 Summon Small Mammal      Summ           #...         100%        1    ##.....
 Call Imp                 Summ           #.......     100%        2    ###....
 Ensorcelled Hibernation  Hex/Ice        #.....       100%        2    ###....
 Passwall                 Tmut/Erth      #.......     100%        2    ###....
 Sticks to Snakes         Tmut           #.......     100%        2    ###....
 Call Canine Familiar     Summ           #.......     100%        3    ####...
 Confusing Touch          Hex            #.......     100%        3    ####...
 Conjure Flame            Conj/Fire      #.......     100%        3    ####...
 Dazzling Flash           Conj/Hex       #.....       100%        3    ####...
 Inner Flame              Hex/Fire       #.......     100%        3    ####...
 Recall                   Summ/Tloc      N/A          100%        3    ####...
 Spider Form              Tmut/Pois      #.........   100%        3    ####...
 Stone Arrow              Conj/Erth      #.....       100%        3    ####...
 Summon Guardian Golem    Hex/Summ       #.......     100%        3    ####...
 Tukima's Dance           Hex            #.......     100%        3    ####...
 Animate Dead             Necr           N/A          100%        4    #####..
 Ice Form                 Ice/Tmut       #.......     100%        4    #####..
 Leda's Liquefaction      Hex/Erth       #.........   100%        4    #####..
 Petrify                  Tmut/Erth      #.......     100%        4    #####..
 Sticky Flame             Conj/Fire      #.......     100%        4    #####..
 Summon Ice Beast         Ice/Summ       #.......     100%        4    #####..
 Summon Lightning Spire   Summ/Air       #.......     100%        4    #####..
 Blade Hands              Tmut           #.........   100%        5    ######.
 Bolt of Magma            Conj/Fire/Erth #.........   100%        5    ######.
 Borgnjor's Vile Clutch   Necr/Erth      #.........   100%        5    ######.
 Fireball                 Conj/Fire      #.........   100%        5    ######.
 Lee's Rapid Deconstruct  Erth           #.........   100%        5    ######.
 Death Channel            Necr           #.........   100%        6    #######
 Iron Shot                Conj/Erth      #.........   100%        6    #######
 Simulacrum               Ice/Necr       #.........   100%        6    #######
 Statue Form              Tmut/Erth      #........    100%        6    #######
 Shatter                  Erth           #.........   100%        9    #######


Dungeon Overview and Level Annotations

Branches:
Dungeon (13/15)            Temple (0/1) D:4            Lair (6/6) D:10
 Shoals (0/4) Lair:3       Spider (0/4) Lair:2        Slime (0/5) Lair:6
    Orc (0/2) D:12
 Vaults: D:13-14

Altars:
Fedhas
Gozag
Kikubaaqudgha
Nemelex Xobeh
Okawaru
Yredelemnul
Zin
The Shining One

Shops:
D:4 *((!=   D:11 :   D:12 %


Innate Abilities, Weirdness & Mutations

You have hooves in place of feet.
Armour fits poorly on your strangely shaped body.
You cover ground very quickly.
You have extremely tough skin. (AC +3)


Message History

You closely miss the vampire knight.
The vampire knight is heavily damaged.
You block the vampire knight's attack. The vampire knight bites you.
You hit the vampire knight but do no damage.
You kick the vampire knight.
The vampire knight is heavily damaged.
You hit the vampire knight but do no damage.
The vampire knight is heavily damaged.
The vampire knight hits you with a +0 dire flail!
You block the vampire knight's attack.
You closely miss the vampire knight.
The vampire knight is heavily damaged.
The vampire knight gestures wildly while chanting.
The vampire knight flickers and vanishes!
Deactivating autopickup; reactivate with Ctrl-A.
You hit something but do no damage.
Unholy energy fills the air.
* * * LOW HITPOINT WARNING * * *
Your shield and plate armour prevent you from hitting something.
Something hits you!!
You die...

########(#
#.# #.#
#.# #)#
#)# #.#
#..#####)#
#......@#
#.......{#
##..######
... .


There were no monsters in sight!

Vanquished Creatures
  Gastronok (Lair:3)
  Erolcha (D:9)
  Fannar (Lair:3)
  Harold (D:8)
  An ice dragon (Lair:6)
  3 two-headed ogres
  2 unseen horrors
  Pikel (D:4)
  3 lindwurms
  A wolf spider (Lair:6)
  6 black mambas
  15 elephants
  A guardian serpent (Lair:6)
  Maurice (D:8)
  7 torpor snails
  13 spiny frogs
  3 kobold demonologists (D:13)
  2 rime drakes (Lair:6)
  7 centaur skeletons
  5 komodo dragons
  2 trolls
  4 tyrant leeches
  3 polar bears
  14 hornets
  25 blink frogs
  5 dream sheep
  5 hippogriffs
  4 redbacks
  A vampire (D:13)
  A shadow (D:12)
  2 wraiths
  11 wyverns
  A spriggan (D:8)
  46 yaks
  Grum (D:8)
  3 basilisks
  A neqoxec (Abyss:2)
  3 vampire mosquitoes
  3 wargs (D:10)
  12 porcupines
  26 water moccasins
  4 ice beasts
  A swamp drake (D:12)
  2 slaves
  A phantom (D:12)
  3 orc warriors
  A sky beast (D:12)
  A black bear (D:7)
  A necrophage (D:10)
  7 ogres
  22 wolves
  13 centaurs
  15 crocodiles
  7 big kobolds
  A small abomination (Abyss:2)
  10 bullfrogs
  2 scorpions
  16 wights
  A howler monkey (D:12)
  3 crimson imps
  4 bullfrog zombies
  A quasit (D:6)
  2 centaur zombies (D:11)
  A jelly (D:7)
  11 orc priests
  10 hounds
  3 bullfrog skeletons
  3 iguanas
  Terence (D:3)
  10 orc wizards
  13 worker ants
  A hound zombie (D:11)
  A worker ant zombie (D:9)
  4 gnolls (D:6)
  2 howler monkey skeletons
  9 adders
  2 shadow imps
  2 adder skeletons
  2 worms
  A dart slug (D:3)
  6 leopard geckos
  33 orcs
  2 bat zombies (D:4)
  4 giant cockroaches
  6 goblins
  3 hobgoblins
  15 jackals
  8 quokkas
  A ball python (D:2)
  4 bats
  12 frilled lizards
  35 kobolds
  A quokka zombie (D:6)
  4 rats (D:1)
  A rat zombie (D:4)
  A fungus (Lair:6)
  2 plants
580 creatures vanquished.

Vanquished Creatures (others)
  5 hydras
  A two-headed ogre (D:12)
  A boggart (D:12)
  A hungry ghost (D:9)
  A slave (D:4)
  An orc warrior (D:8)
  2 wolves (D:8)
  An orc wizard (D:10)
  2 orcs (D:12)
  A quokka skeleton (D:4)
  2 bushes (Lair:6)
  43 fungi
  108 plants
169 creatures vanquished.

Grand Total: 749 creatures vanquished

Notes
Turn   | Place    | Note
-------+----------+-------------------------------------------
     0 | Abyss:1  | Gargoyl the Centaur Abyssal Knight began the quest for the
                  | Orb.
     0 | Abyss:1  | Reached XP level 1. HP: 19/19 MP: 2/2
    85 | Abyss:2  | Noticed a small abomination
   124 | Abyss:2  | Noticed a small abomination
   132 | Abyss:2  | Killed a small abomination
   132 | Abyss:2  | Reached XP level 2. HP: 27/27 MP: 3/3
   132 | Abyss:2  | Reached XP level 3. HP: 33/33 MP: 4/4
   145 | Abyss:2  | Noticed a neqoxec
   154 | Abyss:2  | Noticed a great orb of eyes
   155 | Abyss:2  | Noticed a small abomination
   156 | Abyss:2  | Killed a neqoxec
   156 | Abyss:2  | Reached skill level 5 in Fighting
   156 | Abyss:2  | Reached XP level 4. HP: 19/42 MP: 4/6
   156 | Abyss:2  | Reached XP level 5. HP: 22/48 MP: 4/7
   156 | Abyss:2  | Noticed a raiju
   157 | D:1      | Escaped the Abyss
   628 | D:1      | Reached * piety under Lugonu
  1147 | D:2      | Reached skill level 1 in Dodging
  1992 | D:3      | Reached XP level 6. HP: 45/56 MP: 8/8
  2109 | D:3      | Noticed Terence
  2239 | D:3      | Killed Terence
  2390 | D:3      | Reached ** piety under Lugonu
  2817 | D:3      | Found a glowing golden altar of the Shining One.
  2956 | D:4      | Noticed Pikel
  2956 | D:4      | Noticed a slave
  2956 | D:4      | Noticed a slave
  2956 | D:4      | Noticed a slave
  2956 | D:4      | Noticed a slave
  2970 | D:5      | Entered Level 5 of the Dungeon
  2981 | D:5      | Killed a slave
  3280 | D:4      | Found a staircase to the Ecumenical Temple.
  3365 | D:4      | Found an iron altar of Okawaru.
  3472 | D:4      | Found Fisinwirgh's Distillery.
  3505 | D:4      | Killed a slave
  3515 | D:4      | Killed Pikel
  3515 | D:4      | Reached XP level 7. HP: 42/61 MP: 8/10
  3721 | D:4      | Found Getzabas's Jewellery Emporium.
  3740 | D:4      | Found Tuamn's Weapon Shop.
  3755 | D:4      | Found a blossoming altar of Fedhas.
  3803 | D:4      | Bought a potion of heal wounds for 65 gold pieces
  3803 | D:4      | Bought 2 potions of heal wounds for 130 gold pieces
  3820 | D:4      | Found Banluak's Weapon Shoppe.
  3825 | D:4      | Found Joazi's Assorted Antiques.
  3900 | D:4      | Found an ancient bone altar of Kikubaaqudgha.
  4262 | D:5      | Reached XP level 8. HP: 64/70 MP: 11/11
  4503 | D:6      | Reached skill level 5 in Axes
  4504 | D:6      | Found a glowing silver altar of Zin.
  5652 | D:7      | Reached *** piety under Lugonu
  5652 | D:7      | Reached skill level 5 in Invocations
  5823 | D:7      | Found an opulent altar of Gozag.
  5823 | D:7      | Found a basalt altar of Yredelemnul.
  5858 | D:7      | Reached XP level 9. HP: 39/75 MP: 12/12
  6297 | D:7      | Identified the ring of Nivuwe Ymob {+Blink rF- rN+ SInv
                  | Stlth+}
  6575 | D:7      | Reached skill level 1 in Long Blades
  6872 | D:7      | Reached skill level 1 in Evocations
  7282 | D:8      | Noticed a two-headed ogre
  7295 | D:8      | Killed a two-headed ogre
  7295 | D:8      | Reached skill level 5 in Armour
  8002 | D:8      | Noticed Maurice
  8210 | D:7      | Reached XP level 10. HP: 72/84 MP: 14/14
  8634 | D:8      | Killed Maurice
  9010 | D:8      | Noticed Grum
  9633 | D:8      | Found a sparkling altar of Nemelex Xobeh.
  9634 | D:8      | Noticed Harold
  9647 | D:8      | Killed Harold
  9670 | D:8      | Killed Grum
 10119 | D:9      | Reached skill level 5 in Long Blades
 10445 | D:9      | Noticed Erolcha
 10464 | D:9      | Killed Erolcha
 10464 | D:9      | Reached **** piety under Lugonu
 11106 | D:10     | Entered Level 10 of the Dungeon
 11149 | D:10     | Reached XP level 11. HP: 75/92 MP: 16/16
 11509 | D:10     | Found a staircase to the Lair.
 12987 | D:11     | You fall into a shaft and drop 1 floor!
 12996 | D:12     | Reached skill level 5 in Dodging
 13004 | D:12     | Noticed a five-headed hydra
 13009 | D:12     | Banished a five-headed hydra
 13269 | D:12     | Noticed a two-headed ogre
 13782 | D:12     | Killed an unseen horror
 14075 | D:11     | Found Guodua's Book Shoppe.
 14522 | D:11     | Reached ***** piety under Lugonu
 14945 | D:11     | Noticed a two-headed ogre
 14954 | D:11     | Killed a two-headed ogre
 15288 | Lair:1   | Entered Level 1 of the Lair of Beasts
 15778 | Lair:1   | Reached XP level 12. HP: 101/101 MP: 18/18
 16524 | Lair:2   | Reached skill level 1 in Shields
 16848 | Lair:2   | Noticed an eight-headed hydra
 16909 | Lair:2   | Banished an eight-headed hydra
 18010 | Lair:2   | Found a hole to the Spider Nest.
 18308 | Lair:2   | Got a scorched silver ring
 18539 | Lair:2   | Identified the ring of Atiaplar {rPois rCorr Slay+5} (You
                  | found it on level 2 of the Lair of Beasts)
 19699 | Lair:2   | Got a pitted lapis lazuli ring
 19910 | Lair:2   | Noticed a seven-headed hydra
 20639 | Lair:2   | Banished a seven-headed hydra
 21232 | Lair:3   | Reached XP level 13. HP: 100/108 MP: 20/20
 21561 | Lair:3   | Noticed Fannar
 21582 | Lair:3   | Killed Fannar
 21904 | Lair:3   | Noticed Gastronok
 21924 | Lair:3   | Killed Gastronok
 21924 | Lair:3   | Reached skill level 10 in Invocations
 22332 | Lair:3   | Found a staircase to the Shoals.
 22891 | Lair:4   | Identified the ring of Komn {rF+ MR+ EV+5 Str-3} (You found
                  | it on level 2 of the Lair of Beasts)
 23495 | Lair:3   | Reached skill level 10 in Armour
 25902 | Lair:6   | Entered Level 6 of the Lair of Beasts
 27323 | Lair:6   | Reached XP level 14. HP: 54/118 MP: 22/22
 28203 | Lair:6   | Found a runed translucent door.
 29345 | Lair:6   | Reached skill level 10 in Long Blades
 31357 | Lair:6   | Found a staircase to the Slime Pits.
 33155 | D:12     | Found Yxido's Food Emporium.
 33478 | D:12     | Reached ****** piety under Lugonu
 33858 | D:12     | Found a staircase to the Orcish Mines.
 34010 | D:13     | Noticed a vampire knight
 34026 | D:13     | Mangled by a vampire knight

Levels and vault maps discovered:
D:1:      dpeg_arrival_pond, layout_basic, nrook_mini_vaults
D:2:      minmay_spotlight, layout_basic
D:3:      layout_loops_cross, tso_metal_star, first_ration, minmay_lizard_king,
          uniq_terence
D:4:      layout_cave_pools, okawaru_trees_1, lemuel_zombie_altar_kikubaaqudgha,
          minmay_temple_entry_crystal_x, serial_shops, shop, kennysheep_mini,
          nicolae_shop_stone, kennysheep_little_box, shop,
          fedhas_bush_and_centaur_altar, uniq_pikel
D:5:      layout_rooms
D:6:      layout_rooms, zin_academy, serial_corexii_hall,
          chequers_hall_statues_corner_a, chequers_hall_statues_y,
          corexii_hall_statues_l
D:7:      layout_gridville, chequers_temple_overflow_statue_of_worship
D:8:      layout_rooms, nemelex_altar_shiori, the_bakery, minmay_diced_spiral,
          uniq_grum, uniq_maurice, uniq_harold
D:9:      layout_big_octagon, uniq_erolcha
D:10:     layout_roguey, erik_lair_orcish_takeover
D:11:     layout_basic, serial_shops, shop, minmay_starry_boxes
D:12:     layout_loops_ring, erik_orc_1, serial_shops, nicolae_shop_trees,
          kennysheep_generic_room_2
D:13:     layout_long_grid, david_vaults_5, gauntlet_entry_generic,
          serial_shops, shop, minmay_guarded_unrand_vampires_tooth
Lair:1:   layout_cave_pods, infiniplex_staircase_pool, lemuel_fruit_fields,
          grunt_megastairs_3
Lair:2:   cheibrodos_lair_overgrown_chateau, layout_regular_city,
          spider_nest_entry_a, grunt_megastairs_2
Lair:3:   beast_lair_carwin_large_3, layout_chaotic_city,
          minmay_shoals_entry_centaurs, serial_forest,
          infiniplex_forest_lined_corner, infiniplex_forest_end_3,
          infiniplex_forest_lined_2, infiniplex_forest_pool,
          infiniplex_forest_lined_corner, infiniplex_forest_end_double,
          lemuel_fruit_fields, uniq_gastronok, uniq_fannar
Lair:4:   layout_gridlike, st_stairs_12
Lair:5:   layout_gridlike
Lair:6:   wormcave, layout_small_grid, hangedman_lair_tendril_chambers,
          slime_dummy

Skill      XL: |  1  2  3  4  5  6  7  8  9 10 11 12 13 14 |
---------------+-------------------------------------------+-----
Fighting       | 4 5 6 7 8 9 |  9.6
Axes           | 2 4 5 6 |  6.0
Armour         | 2 3 4 5 7 8 9 10 11 | 11.5
Dodging        | 1 2 3 4 5 6 7 |  7.8
Invocations    | 3 4 5 6 7 8 9 10 11 | 11.3
Long Blades    | 3 5 7 8 9 10 | 10.3
Evocations     | 1 |  1.2
Shields        | 2 3 4 |  4.1
Throwing       | |  0.3

Action                   |  1- 3 |  4- 6 |  7- 9 | 10-12 | 13-15 || total
-------------------------+-------+-------+-------+-------+-------++-------
Melee: Hand axe          |     6 |   235 |   185 |       |       ||   426
       Kick              |       |    36 |    84 |   256 |   293 ||   669
       Scimitar          |       |       |   147 |   444 |       ||   591
       Falchion          |       |       |       |   474 |   891 ||  1365
Throw: Javelin           |       |       |       |       |     8 ||     8
Invok: Depart the Abyss  |       |     1 |       |       |       ||     1
       Bend Space        |       |       |     1 |       |     1 ||     2
       Banish            |       |       |       |    12 |     3 ||    15
Evoke: Wand              |     8 |       |     5 |     4 |       ||    17
  Use: Scroll            |       |     7 |     3 |    17 |    12 ||    39
       Potion            |       |     3 |     2 |     1 |     6 ||    12
 Stab: Confused          |       |       |       |       |     1 ||     1
  Eat: Chunk             |       |     6 |    10 |    29 |    32 ||    77
       Ration            |       |       |     1 |     5 |     2 ||     8
Armor: Leather armour    |     7 |    43 |       |       |       ||    50
       Ring mail         |       |    86 |   179 |       |       ||   265
       Skin              |       |    22 |       |       |       ||    22
       Chain mail        |       |       |    99 |    75 |       ||   174
       Plate armour      |       |       |       |   688 |   493 ||  1181
Dodge: Dodged            |    16 |   107 |   207 |   211 |   161 ||   702
       Deflected         |       |       |       |       |     2 ||     2
Block: Kite shield       |       |       |       |   205 |   392 ||   597
       Rpst.: Scimitar   |       |       |    32 |    29 |       ||    61
       Falchion          |       |       |       |    25 |    43 ||    68

Table legend:
 A = Non-vault XP
 B = Vault XP
 C = Vault XP percentage of total XP
 D = Non-vault monster count
 E = Vault monster count
 F = Vault count percentage of total count
                 A         B        C        D         E       F
            +---------+---------+-------+---------+---------+-------
      Total |   56663 |   35136 |  38.3 |     423 |     165 |  28.1
            +---------+---------+-------+---------+---------+-------
        D:1 |      19 |       0 |   0.0 |      13 |       0 |   0.0
        D:2 |      31 |      13 |  29.5 |      12 |       7 |  36.8
        D:3 |     141 |      49 |  25.8 |      19 |      12 |  38.7
        D:4 |     107 |     649 |  85.8 |      11 |       5 |  31.2
        D:5 |     213 |       0 |   0.0 |       5 |       0 |   0.0
        D:6 |     862 |       0 |   0.0 |      20 |       0 |   0.0
        D:7 |    1732 |     100 |   5.5 |      35 |       1 |   2.8
        D:8 |    1898 |    2109 |  52.6 |      27 |       8 |  22.9
        D:9 |    1259 |    1033 |  45.1 |      20 |       1 |   4.8
       D:10 |    2274 |     577 |  20.2 |      30 |       7 |  18.9
       D:11 |    2702 |     303 |  10.1 |      24 |       3 |  11.1
       D:12 |    7992 |     714 |   8.2 |      47 |      19 |  28.8
       D:13 |    2108 |     695 |  24.8 |      11 |       3 |  21.4
     Lair:1 |    3910 |    1040 |  21.0 |      20 |       4 |  16.7
     Lair:2 |    6869 |    5497 |  44.5 |      33 |      23 |  41.1
     Lair:3 |    1978 |    4811 |  70.9 |      11 |      17 |  60.7
     Lair:4 |    6706 |       0 |   0.0 |      26 |       0 |   0.0
     Lair:5 |    7699 |    2303 |  23.0 |      29 |       9 |  23.7
     Lair:6 |    7881 |   15243 |  65.9 |      28 |      46 |  62.2
    Abyss:2 |     282 |       0 |   0.0 |       2 |       0 |   0.0
            +---------+---------+-------+---------+---------+-------
